 Dungeon Crawl Stone Soup version 0.29.1-2-gbd0b4ee654 (webtiles) character file.

Game seed: 446216857007249430

477 KittyFluff the Cudgeller (level 7, -15/64 HPs)
             Began as a Gargoyle Berserker on Nov 23, 2022.
             Was a Believer of Trog.
             Demolished by an ogre
             ... wielding a +0 giant club
              (20 damage)
             ... on level 4 of the Dungeon.
             The game lasted 00:16:03 (5070 turns).

KittyFluff the Cudgeller (Gargoyle Berserker)       Turns: 5070, Time: 00:16:03

Health: -15/64     AC: 11    Str: 20    XL:     7   Next: 11%
Magic:  7/7        EV: 12    Int:  8    God:    Trog [**....]
Gold:   157        SH:  0    Dex: 11    Spells: 6/6 levels left

rFire   . . .      SeeInvis .   b - +0 quarterstaff
rCold   . . .      Faith    .   (shield currently unavailable)
rNeg    + . .      Spirit   .   k - +0 leather armour
rPois   ∞          Reflect  .   t - +0 helmet
rElec   +          Harm     .   j - +1 cloak
rCorr   .          Rampage  .   (no gloves)
Will    .....                   (no boots)
Stlth   ..........              (no amulet)
HPRegen 0.20/turn               (no ring)
MPRegen 0.10/turn               (no ring)

@: berserking, very quick
A: sickness immunity, AC +4, negative energy resistance 1, electricity
resistance, torment resistance 1, petrification resistance
a: Renounce Religion, Berserk, Trog's Hand


You were on level 4 of the Dungeon.
You worshipped Trog.
Trog was pleased with you.
You visited 1 branch of the dungeon, and saw 4 of its levels.

You collected 157 gold pieces.

Inventory:

Hand Weapons
 a - a +0 mace
 b - a +0 quarterstaff (weapon)
 r - a +0 sling
Missiles
 d - 6 atropa-tipped darts (quivered)
Armour
 j - a +1 cloak (worn)
 k - a +0 leather armour (worn)
 t - a +0 helmet (worn)
Wands
 u - a wand of digging (4)
Scrolls
 f - a scroll of poison
 g - a scroll of acquirement {unknown}
 h - a scroll of butterflies {unknown}
 l - 2 scrolls of blinking {unknown}
 m - a scroll of magic mapping {unknown}
 n - a scroll of summoning {unknown}
 o - 2 scrolls of enchant armour {unknown}
 p - a scroll of amnesia {unknown}
 q - a scroll of fear {unknown}
 w - a scroll of immolation {unknown}
Potions
 c - a potion of ambrosia
 e - 2 potions of curing
 s - 2 potions of cancellation {unknown}
 v - a potion of heal wounds {unknown}
 x - a potion of resistance {unknown}


   Skills:
 + Level 4.2 Fighting
 + Level 5.1(5.4) Maces & Flails
 * Level 2.7(4.2) Staves
 * Level 3.9 Armour
 + Level 2.7 Dodging
 + Level 1.3 Stealth


You had 6 spell levels left.
You didn't know any spells.
Your spell library contained the following spells:

 Spells                   Type           Power      Damage    Failure   Level
 Passwall                 Tmut/Erth      0%         N/A       58%         2
 Leda's Liquefaction      Hex/Erth       0%         N/A       99%         4
 Summon Horrible Things   Summ           0%         N/A       100%        8
 Statue Form              Tmut/Erth      Unusable   N/A       N/A         6

Dungeon Overview and Level Annotations

Branches:
Dungeon (4/15)             Temple (0/1) D:4

Altars:


Innate Abilities, Weirdness & Mutations

You are immune to sickness and miasma.
Your stone body is resilient. (AC +4)
You are immune to poison.
You resist negative energy. (rN+)
You are resistant to electric shocks. (rElec)
You are resistant to unholy torment.
You are immune to petrification.


Message History

You kill the goblin!
Trog accepts your kill. The goblin hits you but does no damage.
You hit the goblin.
The goblin is almost dead.
The goblin completely misses you.
You barely miss the goblin.
The goblin is almost dead.
You hit the goblin.
You kill the goblin!
Trog accepts your kill. The goblin hits you but does no damage.
You hit the goblin.
The goblin is heavily wounded.
The goblin hits you but does no damage.
You barely miss the goblin.
The goblin is heavily wounded.
The goblin hits you with a +0 dagger.
You closely miss the goblin.
The goblin is heavily wounded.
The goblin barely misses you.
You hit the goblin.
The goblin is severely wounded.
The goblin hits you but does no damage.
You hit the goblin.
You kill the goblin!
Trog accepts your kill.
You barely miss the ogre. The ogre hits you with a +0 giant club!
You barely miss the ogre.
The ogre hits you with a +0 giant club!!
* * * LOW HITPOINT WARNING * * *
You sock the ogre!
The ogre is heavily wounded.
The ogre closely misses you.
A red film seems to cover your vision as you go berserk!
You feel yourself moving faster!
You feel mighty!
You barely miss the ogre.
The ogre is heavily wounded.
The ogre hits you with a +0 giant club!!
You die...

.. #.###..# ..
####.)##..# ..
#888##.....# ..
##8...8###...# #
##########....>.8
#...#
#..........#
##.>#
#...#####..#
###'####
#...#...#).#
#.......
#...#..(O@.#
#......(
+...#(..#).#
#.......
#...#####..#
#.......
#......)...#
#....<..
####'#######
#....... #.#
#....... #.#
#....... #.#
#....... #.#
#.......


You could see an ogre.

Vanquished Creatures
  A phantom (D:4)
  6 orc priests
  An iguana (D:3)
  Natasha (D:2)
  Robin (D:3)
  4 adders
  4 dart slugs
  14 orcs
  8 bats
  7 endoplasms
  2 giant cockroaches (D:1)
  23 goblins
  9 hobgoblins
  4 jackals (D:1)
  4 quokkas
  10 ball pythons
  A frilled lizard (D:3)
  4 kobolds
  3 rats
107 creatures vanquished.

Notes
Turn   | Place    | Note
-------+----------+-------------------------------------------
     0 | D:1      | KittyFluff the Gargoyle Berserker began the quest for the
                  | Orb.
     0 | D:1      | Reached XP level 1. HP: 14/14 MP: 1/1
   281 | D:1      | Found a faded altar of an unknown god.
   413 | D:1      | Reached XP level 2. HP: 19/19 MP: 2/2
  1226 | D:1      | Reached XP level 3. HP: 24/24 MP: 3/3
  1848 | D:2      | Got Pieleutu's Codex of the Ashen Commander
  2115 | D:2      | Noticed Natasha
  2129 | D:2      | Killed Natasha
  2130 | D:2      | Reached XP level 4. HP: 9/29 MP: 4/4
  2815 | D:3      | Reached skill level 4 in Maces & Flails
  2905 | D:3      | Reached ** piety under Trog
  2906 | D:3      | Reached skill level 1 in Stealth
  2906 | D:3      | Reached XP level 5. HP: 17/33 MP: 5/5
  3215 | D:3      | Noticed Robin
  3222 | D:3      | Killed Robin
  3788 | D:4      | Noticed a phantom
  3799 | D:4      | Killed a phantom
  3800 | D:4      | Reached XP level 6. HP: 38/38 MP: 6/6
  4245 | D:4      | Reached skill level 5 in Maces & Flails
  4251 | D:4      | Reached skill level 1 in Staves
  4702 | D:4      | Reached XP level 7. HP: 14/43 MP: 7/7
  5042 | D:4      | Found a staircase to the Ecumenical Temple.
  5070 | D:4      | Demolished by an ogre

Illustrated notes

Levels and vault maps discovered:
D:1:      lightli_arrival_windingriver, layout_basic,
          shapermc_ecumenical_altar_rom_forum
D:2:      layout_basic, uniq_natasha
D:3:      layout_basic, uniq_robin
D:4:      minmay_octagon_keep, layout_basic, minmay_temple_entry_statues,
          grunt_ministairs_11, minmay_ogre_servants

Skill      XL: |  1  2  3  4  5  6 |
---------------+-------------------+-----
Dodging        | 2 |  2.7
Armour         | 3 |  3.9
Maces & Flails | 4 5 |  5.1
Stealth        | 1 |  1.3
Fighting       | 4 |  4.2
Staves         | 2 |  2.7

Action                   |  1- 3 |  4- 6 |  7- 9 || total
-------------------------+-------+-------+-------++-------
Melee: Mace              |   100 |   135 |       ||   235
       Punch             |     1 |     2 |       ||     3
       Quarterstaff      |       |    68 |    35 ||   103
Invok: Berserk           |     2 |     6 |     1 ||     9
  Use: Scroll            |     1 |     3 |       ||     4
 Stab: Sleeping          |     1 |       |       ||     1
Armor: Animal skin       |    49 |    30 |       ||    79
       Leather armour    |       |    37 |    10 ||    47
Dodge: Dodged            |    95 |   103 |    16 ||   214
